 Dungeon Crawl Stone Soup version 0.28-a0-1387-g3a22ab9bdc (webtiles) character file.

Game seed: 7608879765169009298

250 KyoPewz the Vexing (level 5, -3/22 HPs)
             Began as a Felid Enchanter on Jan 2, 2022.
             Killed from afar by Blork the orc (7 damage)
             ... with a magic dart
             ... on level 4 of the Dungeon.
             The game lasted 00:18:22 (5158 turns).

KyoPewz the Vexing (Felid Enchanter)                Turns: 5158, Time: 00:18:22

Health: -3/22      AC:  1    Str:  6    XL:     5   Next: 88%
Magic:  8/9        EV: 18    Int: 17    God:
Gold:   113        SH:  0    Dex: 16    Spells: 3/8 levels left
                                        Lives:  0   Deaths: 1

rFire   . . .      SeeInvis +     - Unarmed
rCold   + . .      Faith    .   (shield unavailable)
rNeg    . . .      Spirit   .   (armour unavailable)
rPois   .          Reflect  .   (helmet unavailable)
rElec   .          Harm     .   (cloak unavailable)
rCorr   .          Rampage  .   (gloves unavailable)
Will    .....                   (boots unavailable)
Stlth   +++.......              (no amulet)
HPRegen 0.07/turn               i - ring of protection from cold
MPRegen 0.11/turn               (no ring)

@: quick
A: very small, claws 1, fangs 3, see invisible, speed 1, shaggy fur 1, stealthy
paws, no weapons or thrown items, no armour, multi-lived
a: no special abilities


You were on level 4 of the Dungeon.
You visited 1 branch of the dungeon, and saw 4 of its levels.

You collected 113 gold pieces.


Innate Abilities, Weirdness & Mutations

You have sharp claws.
You have razor-sharp teeth.
You have supernaturally acute eyesight. (SInv)
You cover ground quickly. (Speed+)
You are covered in fur. (AC +1)
Your paws help you pounce on unaware monsters.
You are incapable of wielding weapons or throwing items.
You cannot wear armour.
You gain extra lives every three experience levels.


   Skills:
 + Level 1.9 Fighting
 + Level 3.9 Dodging
 + Level 5.0 Stealth
 + Level 2.2 Unarmed Combat
 - Level 2.0 Spellcasting
 - Level 6.0 Hexes
 - Level 3.0 Ice Magic


You had 3 spell levels left.
You knew the following spells:

 Your Spells              Type           Power      Damage    Failure   Level
a - Ensorcelled Hibernat  Hex/Ice        34%        N/A       4%          2
b - Confusing Touch       Hex            22%        N/A       4%          3

Your spell library contained the following spells:

 Spells                   Type           Power      Damage    Failure   Level
 Tukima's Dance           Hex            22%        N/A       4%          3
 Dazzling Flash           Conj/Hex       22%        N/A       17%         3

Inventory:

Jewellery
 i - a ring of protection from cold (left paw)
   (You found it on level 2 of the Dungeon)
Scrolls
 a - a scroll of teleportation {unknown}
 c - a scroll of immolation {unknown}
 d - a scroll of fear {unknown}
 f - a scroll of identify {unknown}
 g - a scroll of noise {unknown}
Potions
 b - a potion of brilliance {unknown}
 e - 3 potions of resistance {unknown}
 h - a potion of attraction {unknown}

Dungeon Overview and Level Annotations

Branches:
Dungeon (4/15)
 Temple: D:4-7

Altars:
Cheibriados
Hepliaklqana

Annotations:
D:4 Blork the orc

#.# #.#
#.# #.#
#.# #.#
#.# #@#
#.# #.#
#o# #.#
#.# #.#
####.#####
#........#


You could see Blork the orc.


Message History

You scratch the adder. Your bite misses the adder. The adder misses you.
You miss the adder. The adder completely misses you.
The adder barely misses you.
You scratch the adder. The adder closely misses you.
You closely miss the adder. The adder closely misses you.
You miss the adder. The adder closely misses you.
You scratch the adder but do no damage. You claw the adder.
You kill the adder!
There is an open door here.
An orc comes into view. It is wielding a +0 flail.
Found a hazy altar of Hepliaklqana.
Found a faded altar of an unknown god.
You pounce on the unaware helpless orc!
You claw the orc!
You kill the orc!
Items here: ) [[ †.
There is a hazy altar of Hepliaklqana here.
Unknown command.
Press < or > to pray at altars.
There is a stone staircase leading down here.
You see here a +0 flail {mace}.
You open the door.
There is an open door here.
There is a stone staircase leading down here.
There is a stone staircase leading down here.
There is an open door here.
You see here a +0 pair of gloves.
There is a stone staircase leading up here.
You see here a +0 pair of gloves.
Done exploring.
There is an open door here.
Things that are here:
a +0 ring mail; a +0 mace {mace}
Things that are here:
a +0 falchion {long}; a +0 leather armour; a +0 club {mace} You see here a +0 trident {polearm}.
There is a stone staircase leading down here.
You climb downwards.
There is a stone staircase leading up here.
Blork the orc shouts!
Blork the orc hits you from afar with a +0 trident! 😮 HP[-10]
You take 10 damage, and now have 12/22 hp.
MASSIVE DAMAGE!! (PAUSE)
There is a stone staircase leading up here.
Casting: Confusing Touch (quite dangerous; 4% risk of failure)
Confirm with . or Enter, or press ? or * to list all spells.
Aiming: Ensorcelled Hibernation (safe; 4% risk of failure)
Press: ? - help, Shift-Dir - straight line, f - Blork the orc
Aim: Blork the orc, wielding a +0 trident and wearing a +0 robe (chance to affect: 50%) Blork the orc resists with some effort. 😮 MP[-2]
You lost 2 mp, and now have 7/9 mp.
Press: ? - help, v - describe, . - travel
Here: Blork the orc, wielding a +0 trident and wearing a +0 robe The floor.
Blork the orc misses you.
You climb upwards.
There is a stone staircase leading down here.
You start resting. 😮 HP[+1] MP[+2]
Your mp is fully restored (9).
You start resting. 😎 HP[+9]
Your hp is fully restored (22).
You open the door.
There is an open door here.
There is an open door here.
There is a stone staircase leading down here.
You climb downwards.
Level annotation: Blork the orc
There is a stone staircase leading up here.
Blork the orc shouts!
Casting: Ensorcelled Hibernation (safe; 4% risk of failure)
Confirm with . or Enter, or press ? or * to list all spells.
Aiming: Ensorcelled Hibernation (safe; 4% risk of failure)
Press: ? - help, Shift-Dir - straight line, f - Blork the orc
Aim: Blork the orc, wielding a +0 trident and wearing a +0 robe (chance to affect: 50%) Blork the orc looks drowsy... 😎 MP[-2]
You lost 2 mp, and now have 7/9 mp.
You pounce on the unaware helpless Blork the orc!
You claw Blork the orc!
Blork the orc hits you with a +0 trident!
Ouch! That really hurt!
* * * LOW HITPOINT WARNING * * *
😨 HP[-14]
You take 14 damage, and now have 8/22 hp.
MASSIVE DAMAGE!! (PAUSE) Blork the orc points at you and mumbles some strange words.
The puff of frost hits you. You resist.
* * * LOW HITPOINT WARNING * * *
😱 HP[-5]
You take 5 damage, and now have 3/22 hp.
MASSIVE DAMAGE!! (PAUSE) 😱 MP[+1]
There is a stone staircase leading up here. 😱 HP[+1] Blork the orc casts a spell at you.
The magic dart hits you!
You die...

Skill      XL: |  1  2  3  4 |
---------------+-------------+-----
Hexes          | 5 6 |  6.0
Ice Magic      | 1 2 3 |  3.0
Dodging        | 3 |  3.9
Fighting       | 1 |  1.9
Stealth        | 5 |  5.0
Unarmed Combat | 2 |  2.2
Spellcasting   | |  2.0

Action                   |  1- 3 |  4- 6 || total
-------------------------+-------+-------++-------
Melee: Unarmed           |   118 |    59 ||   177
       Bite              |    12 |     6 ||    18
       Punch             |       |     1 ||     1
 Cast: Ensorcelled Hiber |    19 |    24 ||    43
       Confusing Touch   |     1 |     2 ||     3
  Use: Potion            |       |     1 ||     1
 Stab: Sleeping          |    24 |    14 ||    38
       Confused          |       |     3 ||     3
Armor: Skin              |     4 |       ||     4
Dodge: Dodged            |    65 |    33 ||    98

Levels and vault maps discovered:
D:1:      tarquinn_simple_flora_water_c, layout_rooms,
          chequers_hall_statues_wall_a, minmay_misc_feat_doors,
          minmay_misc_feat_iff
D:2:      minmay_skewed_foursquare, layout_rooms,
          hellmonk_ecumenical_altar_slurped_away
D:3:      layout_basic, beargit_hepliaklqana_dungeon_heroes,
          cheibriados_altar_1, minmay_misc_feat_ornament, uniq_sigmund
D:4:      layout_rooms, overflow_temple_1_default, serial_shops,
          nicolae_shop_window_shopping, uniq_ijyb, uniq_blork_the_orc,
          uniq_menkaure, uniq_pikel, uniq_crazy_yiuf_cottage, uniq_grinder

Notes
Turn   | Place    | Note
-------+----------+-------------------------------------------
     0 | D:1      | KyoPewz the Felid Enchanter began the quest for the Orb.
     0 | D:1      | Reached XP level 1. HP: 7/7 MP: 4/4
     0 | D:1      | magus.rc [v1.9.6]
    90 | D:1      | Reached skill level 5 in Hexes
   326 | D:1      | Reached XP level 2. HP: 5/11 MP: 6/6
   333 | D:1      | Learned a level 2 spell: Ensorcelled Hibernation
  1316 | D:2      | Reached skill level 1 in Ice Magic
  1378 | D:2      | Reached XP level 3. HP: 14/14 MP: 7/7
  1400 | D:2      | magus.rc [v1.9.6]
  1416 | D:2      | Learned a level 3 spell: Confusing Touch
  1433 | D:2      | Found a faded altar of an unknown god.
  1870 | D:2      | Reached skill level 6 in Hexes
  2169 | D:2      | Reached skill level 2 in Ice Magic
  2486 | D:3      | Reached XP level 4. HP: 18/18 MP: 5/8
  2503 | D:3      | Found a snail-covered altar of Cheibriados.
  3406 | D:3      | Reached skill level 3 in Ice Magic
  3778 | D:3      | Slain by a gnoll
  3779 | D:3      | Reached XP level 3. HP: -1/15 MP: 7/7
  3793 | D:3      | Reached XP level 4. HP: 18/18 MP: 5/8
  3797 | D:3      | Reached skill level 3 in Dodging
  3882 | D:3      | Noticed Sigmund
  4362 | D:3      | Killed Sigmund
  4363 | D:3      | Reached skill level 1 in Fighting
  4363 | D:3      | Reached skill level 5 in Stealth
  4363 | D:3      | Reached skill level 2 in Unarmed Combat
  4363 | D:3      | Reached XP level 5. HP: 13/22 MP: 4/9
  4733 | D:3      | Found a hazy altar of Hepliaklqana.
  4734 | D:3      | Found a faded altar of an unknown god.
  4966 | D:4      | Noticed Blork the orc
  5153 | D:4      | HP: 3/22 [Blork the orc/puff of frost (5)]
  5158 | D:4      | Killed from afar by Blork the orc

Vanquished Creatures
  Sigmund (D:3)
  An orc priest (D:3)
  3 gnolls (D:3)
  4 adders
  A worm (D:2)
  2 dart slugs
  5 orcs (D:3)
  4 ball pythons
  4 bats
  5 endoplasms
  4 giant cockroaches
  5 goblins
  7 hobgoblins
  2 quokkas
  2 frilled lizards
  3 kobolds (D:1)
  6 rats
59 creatures vanquished.

Vanquished Creatures (others)
  7 plants (D:1)
7 creatures vanquished.

Grand Total: 66 creatures vanquished

Table legend:
 A = Non-vault XP
 B = Vault XP
 C = Vault XP percentage of total XP
 D = Non-vault monster count
 E = Vault monster count
 F = Vault count percentage of total count
                 A         B        C        D         E       F
            +---------+---------+-------+---------+---------+-------
      Total |     200 |     252 |  55.8 |      53 |       6 |  10.2
            +---------+---------+-------+---------+---------+-------
        D:1 |      37 |       0 |   0.0 |      21 |       0 |   0.0
        D:2 |      27 |      29 |  51.8 |      13 |       4 |  23.5
        D:3 |     136 |     223 |  62.1 |      19 |       2 |   9.5
            +---------+---------+-------+---------+---------+-------

Illustrated notes

Table legend:
 A = Kills in this place as a percentage of kills in entire the game.
 B = Kills by you in this place as a percentage of kills by you in the entire game.
 C = Kills by friends in this place as a percentage of kills by friends in the entire game.
 D = Other kills in this place as a percentage of other kills in the entire game.
 E = Experience gained in this place as a percentage of experience gained in the entire game.
 F = Experience gained in this place divided by the number of levels of this place that you have seen.
                   A       B       C       D       E      F
               +-------+-------+-------+-------+-------+----------------------
         Total | 100.0 | 100.0 |   N/A |   N/A | 100.0 | 113.0
       Dungeon | 100.0 | 100.0 |   N/A |   N/A | 100.0 | 113.0
               +-------+-------+-------+-------+-------+----------------------

Table legend: (Time is in decaauts)
 A = Elapsed time spent in this place.
 B = Non-inter-level travel time spent in this place.
 C = Inter-level travel time spent in this place.
 D = Time resting spent in this place.
 E = Time spent auto-exploring this place.
 F = Levels seen in this place.
 G = Mean time per level.
                   A        B        C        D        E       F      G
               +--------+--------+--------+--------+--------+-----+--------+
         Total |   4740 |   4619 |    121 |   1806 |   1826 |   4 | 1185.0 |
       Dungeon |   4740 |   4619 |    121 |   1806 |   1826 |   4 | 1185.0 |
               +--------+--------+--------+--------+--------+-----+--------+

Top non-repeatable levels by time:
     D:3: 1821 daAuts
     D:2: 1668 daAuts
     D:1: 1228 daAuts
     D:4: 22 daAuts
